 Dungeon Crawl Stone Soup version 0.18-a0-1238-g8adb878 (webtiles) character file.

5086 RedPan the Covert (level 10, -1/67 HPs)
             Began as a Vampire Enchanter on Feb 5, 2016.
             Was a Believer of Kikubaaqudgha.
             Slain by an orc warrior
             ... wielding a +0 war axe
              (24 damage)
             ... on level 9 of the Dungeon.
             The game lasted 00:30:28 (8746 turns).

RedPan the Covert (Vampire Enchanter)               Turns: 8746, Time: 00:30:29

Health: -1/67      AC:  9    Str:  9    XL:     10   Next: 31%
Magic:  2/13       EV: 15    Int: 15    God:    Kikubaaqudgha [**....]
Gold:   427        SH:  2    Dex: 17    Spells: 5 memorised, 3 levels left

rFire  + . .     SeeInvis +     f - +5 dagger
rCold  + . .     Gourm    .     b - +1 robe
rNeg   + + .     Faith    .     (no shield)
rPois  +         Spirit   .     (no helmet)
rElec  .         Dismiss  .     B - +2 cloak
rCorr  +         Reflect  +     v - +0 pair of gloves
SustAt .         Harm     .     E - +0 pair of boots
MR     +....                    I - +2 amulet of reflection
Stlth  ++++++....               A - ring of resist corrosion
                                C - ring of protection from fire

@: regenerating slowly, somewhat resistant to hostile enchantments, very
stealthy
A: fangs 3, icy blue scales 1, see invisible, dopey 1, unbreathing
a: Bat Form, Receive Corpses, Renounce Religion


You were on level 9 of the Dungeon.
You worshipped Kikubaaqudgha.
Kikubaaqudgha was pleased with you.
You were very thirsty.

You visited 2 branches of the dungeon, and saw 10 of its levels.

You collected 427 gold pieces.

Inventory:

Hand Weapons
 a - a +1 dagger
 f - a +5 dagger (weapon)
Armour
 b - a +1 robe (worn)
 v - a +0 pair of gloves (worn)
 B - a +2 cloak (worn)
 E - a +0 pair of boots (worn)
Jewellery
 q - an uncursed ring of positive energy
 A - a ring of resist corrosion (right hand)
 C - a ring of protection from fire (left hand)
 I - a +2 amulet of reflection (around neck)
 J - an uncursed ring of ice
Wands
 i - a wand of disintegration (17/24)
 n - a wand of digging (15/24)
 t - a wand of lightning (5/15)
 w - a wand of digging (10/24)
 y - a wand of teleportation (1/9)
Scrolls
 e - 7 scrolls of identify
 h - 7 scrolls of magic mapping
 j - 5 scrolls of remove curse
 s - 3 scrolls of fear
 u - 2 scrolls of teleportation
 x - 3 scrolls of enchant weapon
 D - a scroll of amnesia {unknown}
 G - a scroll of fog
 K - 2 scrolls of recharging {unknown}
Potions
 d - 11 potions of blood
 g - 4 potions of curing
 k - a potion of haste
 l - a potion of agility
 o - 2 potions of brilliance
 p - 3 potions of heal wounds
 r - a potion of mutation
 H - a potion of cancellation {unknown}
Books
 c - a book of Maledictions

   Spells                             Type                      Level
   a - Corona                         Hexes                        1
   b - Ensorcelled Hibernation        Hexes/Ice                    2
   c - Confuse                        Hexes                        3
   d - Tukima's Dance                 Hexes                        3
   e - Dazzling Spray                 Conjuration/Hexes            3
 m - a book of the Earth

   Spells                             Type                      Level
   a - Leda's Liquefaction            Hexes/Earth                  4
   b - Bolt of Magma                  Conjuration/Fire/Earth       5
   c - Statue Form                    Transmutation/Earth          6
   d - Iron Shot                      Conjuration/Earth            6
   e - Shatter                        Earth                        9
 z - a book of Unlife

   Spells                             Type                      Level
   a - Recall                         Summoning/Translocation      3
   b - Animate Dead                   Necromancy                   4
   c - Control Undead                 Necromancy                   4
   d - Cigotuvi's Embrace             Necromancy                   5
   e - Death Channel                  Necromancy                   6
   f - Simulacrum                     Ice/Necromancy               6
 F - Kikubaaqudgha's Compendium of Dark Secrets
   (Kikubaaqudgha gifted it to you on level 9 of the Dungeon)

   Spells                             Type                      Level
   a - Animate Skeleton               Necromancy                   1
   b - Corpse Rot                     Necromancy                   2
   c - Sublimation of Blood           Necromancy                   2
   d - Vampiric Draining              Necromancy                   3
   e - Control Undead                 Necromancy                   4


   Skills:
 - Level 2.0 Fighting
 - Level 9.2 Short Blades
 - Level 5.3 Dodging
 - Level 11.0 Stealth
 - Level 2.0 Spellcasting
 - Level 11.0 Hexes
 + Level 7.0 Necromancy


You had 3 spell levels left.
You knew the following spells:

 Your Spells              Type           Power        Failure   Level  Hunger
a - Corona                Hex            ####...      1%          1    #......
b - Ensorcelled Hibernat  Hex/Ice        ###...       3%          2    ###....
c - Confuse               Hex            ####....     1%          3    ###....
d - Animate Skeleton      Necr           N/A          1%          1    #......
e - Vampiric Draining     Necr           ###.......   3%          3    ###....


Dungeon Overview and Level Annotations

Branches:
Dungeon (9/15)             Temple (1/1) D:7             Orc (0/2) D:9
   Lair: D:8-11

Altars:
Ashenzari
Dithmenos
Elyvilon
Fedhas
Gozag
Kikubaaqudgha
Makhleb
Nemelex Xobeh
Okawaru
Pakellas
Sif Muna
Trog
Vehumet
Xom
Yredelemnul
Zin
The Shining One

Shops:
D:7 =


Innate Abilities, Weirdness & Mutations

You heal slowly.
You have razor-sharp teeth.
You have supernaturally acute eyesight.
You can survive without breathing.
You are partially covered in icy blue scales (AC +1).
You are dopey. (Int -2)


Message History

The orc warrior is severely wounded.
The orc warrior misses you.
You hit the orc warrior but do no damage.
The orc warrior is severely wounded.
You closely miss the orc warrior.
The orc warrior is severely wounded.
The orc warrior hits you with a war axe!
You hit the orc warrior but do no damage.
The orc warrior is severely wounded.
You hit the orc warrior but do no damage.
The orc warrior is severely wounded.
The orc warrior hits you with a war axe!
You hit the orc warrior but do no damage.
You bite the orc warrior, but do no damage.
The orc warrior is severely wounded.
You hit the orc warrior.
The orc warrior is almost dead.
The orc warrior hits you with a war axe!!
You die...
Kikubaaqudgha rasps: "You have failed me!
Welcome... oblivion!"

#P....##....K###'###
#...###.o#+##....o.
#####.......#.........
#...........#####.....
#...............#.....
#...............#.....
#...............######
#####o#######.........
#@#8goo8####......
#.#oTOo.# #......
#.#..KKo# #......
#.#o.o.o# #......
#.#8o..8# #...o..
#####.###o######......
#........goo..##......
#.....#######.........
#.....................


You could see an orc warrior and an orc (wandering).

Vanquished Creatures
  2 trolls (D:9)
  Grinder (D:6)
  A wyvern (D:8)
  A hippogriff (D:9)
  A steam dragon (D:7)
  Edmund (D:4)
  2 black bears
  4 orc warriors (D:9)
  A phantom (D:9)
  3 sky beasts (D:7)
  7 ogres
  4 centaurs
  5 big kobolds (D:9)
  Blork the orc (D:6)
  6 giant frogs
  3 scorpions
  6 killer bees
  4 crimson imps
  A giant frog zombie (D:6)
  Crazy Yiuf (D:6)
  2 orc priests
  2 hounds
  A centaur skeleton (D:4)
  2 giant frog skeletons
  3 iguanas
  Natasha (thrice) (D:4)
  5 worker ants
  A hound skeleton (D:5)
  A worker ant zombie (D:5)
  A gnoll (D:9)
  9 adders
  2 shadow imps
  An ooze (D:4)
  An adder zombie (D:7)
  2 adder skeletons (D:4)
  3 giant geckos
  20 orcs
  3 giant cockroaches
  8 goblins
  7 hobgoblins
  5 jackals
  3 quokkas
  A ball python (D:6)
  3 bats (D:2)
  6 giant newts
  15 kobolds
  A quokka zombie (D:9)
  6 rats
172 creatures vanquished.

Vanquished Creatures (others)
  4 toadstools (D:1)
4 creatures vanquished.

Grand Total: 176 creatures vanquished

Notes
Turn   | Place    | Note
--------------------------------------------------------------
     0 | D:1      | RedPan the Vampire Enchanter began the quest for the Orb.
     0 | D:1      | Reached XP level 1. HP: 13/13 MP: 3/3
   998 | D:1      | Reached skill level 5 in Stealth
  1522 | D:2      | Reached XP level 2. HP: 19/19 MP: 5/5
  1682 | D:2      | Reached skill level 6 in Stealth
  2050 | D:2      | Reached XP level 3. HP: 24/24 MP: 6/6
  2423 | D:3      | Reached skill level 7 in Stealth
  2432 | D:3      | Reached XP level 4. HP: 30/30 MP: 7/7
  2589 | D:3      | Reached skill level 8 in Stealth
  2838 | D:3      | Learned a level 2 spell: Ensorcelled Hibernation
  2842 | D:3      | Learned a level 3 spell: Confuse
  2916 | D:3      | Found a faded altar to an unknown god.
  3245 | D:4      | Reached skill level 5 in Hexes
  3245 | D:4      | Reached XP level 5. HP: 35/35 MP: 5/8
  3289 | D:4      | Noticed Edmund
  3292 | D:4      | Killed Edmund
  3353 | D:4      | Noticed Natasha
  3372 | D:4      | Killed Natasha
  3372 | D:4      | Reached XP level 6. HP: 38/41 MP: 9/9
  3378 | D:4      | Noticed Natasha
  3384 | D:4      | Killed Natasha
  3479 | D:4      | Noticed Natasha
  3485 | D:4      | Killed Natasha
  3780 | D:4      | Gained mutation: You are partially covered in icy blue scales (AC +1). [potion of mutation]
  3780 | D:4      | Gained mutation: You are dopey. (Int -2) [potion of mutation]
  3789 | D:5      | Entered Level 5 of the Dungeon
  4162 | D:5      | Reached XP level 7. HP: 44/46 MP: 5/10
  4166 | D:5      | Reached skill level 5 in Short Blades
  4837 | D:6      | Reached skill level 9 in Stealth
  4873 | D:6      | Reached XP level 8. HP: 52/52 MP: 6/11
  4929 | D:6      | Noticed Blork the orc
  4971 | D:6      | Reached skill level 10 in Stealth
  5091 | D:6      | Killed Blork the orc
  5247 | D:6      | Reached skill level 11 in Stealth
  5378 | D:6      | Noticed Grinder
  5803 | D:6      | Killed Grinder
  5981 | D:6      | Noticed Crazy Yiuf
  5985 | D:6      | Killed Crazy Yiuf
  6154 | D:7      | Reached skill level 10 in Hexes
  6154 | D:7      | Reached XP level 9. HP: 57/57 MP: 12/12
  6593 | D:7      | Reached skill level 1 in Fighting
  6643 | D:7      | Found a staircase to the Ecumenical Temple.
  6684 | Temple   | Entered the Ecumenical Temple
  6778 | Temple   | Became a worshipper of Kikubaaqudgha
  6916 | D:7      | Found Benattoe's Jewellery Shoppe.
  7013 | D:7      | Found a blossoming altar of Fedhas.
  7180 | D:8      | Found a shadowy altar of Dithmenos.
  7470 | D:8      | Found a radiant altar of Vehumet.
  7811 | D:8      | Reached skill level 5 in Dodging
  8171 | D:9      | Reached * piety under Kikubaaqudgha
  8171 | D:9      | Received a gift from Kikubaaqudgha
  8172 | D:9      | Identified Kikubaaqudgha's Compendium of Dark Secrets (Kikubaaqudgha gifted it to you on level 9 of the Dungeon)
  8192 | D:9      | Learned a level 1 spell: Animate Skeleton
  8349 | D:9      | Noticed a troll
  8357 | D:9      | Killed a troll
  8453 | D:9      | Reached XP level 10. HP: 62/67 MP: 13/13
  8475 | D:9      | Learned a level 3 spell: Vampiric Draining
  8611 | D:9      | Found a staircase to the Orcish Mines.
  8619 | D:9      | Reached skill level 5 in Necromancy
  8720 | D:9      | Reached ** piety under Kikubaaqudgha
  8746 | D:9      | Slain by an orc warrior

Vault maps used:
D:1:      ldierk_walled_garden_2
D:2:      solitary_fountain
D:3:      first_bread, ecumenical_altar_2
D:4:      kennysheep_another_room, uniq_edmund, uniq_natasha
D:6:      hangedman_decor_diamond_cutter, minmay_misc_feat_five,
          minmay_misc_feat_plants, serial_bayou_ford_a, uniq_blork_the_orc,
          uniq_grinder, uniq_crazy_yiuf_cottage
D:7:      minmay_temple_entry_purple_smoke, serial_shops, shop_statue,
          grunt_ogre_cave, fedhas_altar_3
D:8:      nicolae_dithmenos_shadow_blocks, basic_altar
D:9:      gammafunk_temple_overflow_forgotten, david_lair_shrubbed,
          kennysheep_orc_monster_closet_entryway, stair_cage_cross
Temple:   lightli_temple_of_artemis

Action                   |  1- 3 |  4- 6 |  7- 9 | 10-12 || total
-------------------------+-------+-------+-------+-------++-------
Melee: Dagger            |    71 |    97 |   202 |    76 ||   446
 Cast: Ensorcelled Hiber |       |    14 |    51 |    17 ||    82
       Confuse           |       |     1 |    10 |       ||    11
  Use: Potion            |     2 |    13 |     9 |       ||    24
       Scroll            |     5 |     3 |     8 |       ||    16
 Stab: Sleeping          |    10 |    18 |    50 |    12 ||    90
       Confused          |       |     1 |     8 |       ||     9
